 Dungeon Crawl Stone Soup version 0.21.0-3-g78d12a8 (webtiles) character file.

7423 Inarius the Frost Mage (level 10, -19/74 HPs)
             Began as a Pale Draconian Ice Elementalist on Jan 10, 2018.
             Was a Priest of Hepliaklqana.
             Demolished by a two-headed ogre
             ... wielding a +0 dire flail
              (27 damage)
             ... on level 10 of the Dungeon.
             The game lasted 00:35:18 (11939 turns).

Inarius the Frost Mage (DrIE)                      Turns: 11939, Time: 00:35:19

Health: -19/74     AC: 17    Str: 10    XL:     10   Next: 93%
Magic:  6/18       EV: 15    Int: 19    God:    Hepliaklqana [***...]
Gold:   543        SH:  0    Dex: 12    Spells: 8/20 levels left

rFire    . . .     SeeInvis .   I - +7 quarterstaff (chaos)
rCold    . . .     Gourm    +   (shield currently unavailable)
rNeg     . . .     Faith    .   (armour unavailable)
rPois    .         Spirit   .   (helmet restricted)
rElec    .         Reflect  .   J - +1 cloak
rCorr    .         Harm     .   D - +0 pair of gloves
MR       .....                  (no boots)
Stlth    ++........             z - amulet of the gourmand
HPRegen  0.22/turn              i - ring of wizardry
MPRegen  0.16/turn              B - ring of wizardry

@: icy armour, slow
A: breathe steam, unfitting armour, reduced essence, cold-blooded, AC +7
a: Breathe Steam, Recall Ancestor, Ancestor Identity, Transference, Renounce
Religion


You were on level 10 of the Dungeon.
You worshipped Hepliaklqana.
Hepliaklqana was most pleased with you.
You were full.

You visited 2 branches of the dungeon, and saw 11 of its levels.

You collected 543 gold pieces.

Inventory:

Hand Weapons
 I - a +7 quarterstaff of chaos (weapon)
 M - the +4 short sword of Kismet {vamp, Str+2}
   (You found it on level 8 of the Dungeon)

   It inflicts no extra harm, but heals its wielder when it wounds a living foe.
   It affects your strength (+2).
 P - a +0 dagger of chaos
Armour
 D - a +0 pair of gloves (worn)
 J - a +1 cloak (worn)
Jewellery
 i - a ring of wizardry (left hand)
 z - an amulet of the gourmand (around neck)
 B - a ring of wizardry (right hand)
Wands
 d - a wand of digging (11)
 w - a wand of disintegration (16)
 x - a wand of iceblast (38)
 F - a wand of random effects (29)
 O - a wand of polymorph (29)
Scrolls
 a - a scroll of enchant weapon
 h - 5 scrolls of remove curse
 l - a scroll of blinking
 p - a scroll of noise {unknown}
 q - 3 scrolls of teleportation {unknown}
 r - a scroll of fog {unknown}
 s - 2 scrolls of enchant armour {unknown}
 y - 5 scrolls of amnesia {unknown}
 G - a scroll of fear {unknown}
 N - 2 scrolls of magic mapping {unknown}
Potions
 b - a potion of mutation {unknown}
 c - a potion of brilliance
 e - 3 potions of magic
 j - 3 potions of lignification
 k - a potion of resistance
 m - 2 potions of flight
 o - a potion of might
 t - 2 potions of berserk rage
 u - 5 potions of curing
 C - a potion of cancellation
 E - 3 potions of heal wounds
 K - a potion of haste
Books
 n - a book of Frost

   Spells                             Type                      Level
   a - Freeze                         Ice                          1
   b - Throw Frost                    Conjuration/Ice              2
   c - Ozocubu's Armour               Charms/Ice                   3
   d - Throw Icicle                   Conjuration/Ice              4
   e - Summon Ice Beast               Ice/Summoning                4
 A - a book of Changes

   Spells                             Type                      Level
   a - Beastly Appendage              Transmutation                1
   b - Sticks to Snakes               Transmutation                2
   c - Spider Form                    Transmutation/Poison         3
   d - Ice Form                       Ice/Transmutation            4
   e - Blade Hands                    Transmutation                5
 H - a book of Cantrips

   Spells                             Type                      Level
   a - Confusing Touch                Hexes                        1
   b - Animate Skeleton               Necromancy                   1
   c - Summon Small Mammal            Summoning                    1
   d - Apportation                    Translocation                1
Comestibles
 v - 25 rations


   Skills:
 - Level 6.0 Fighting
 - Level 2.0 Staves
 - Level 7.1 Dodging
 - Level 1.7 Stealth
 + Level 5.9 Spellcasting
 + Level 5.6 Conjurations
 + Level 3.0 Charms
 + Level 1.2 Summonings
 * Level 10.3 Ice Magic
 * Level 3.0 Invocations


You had 8 spell levels left.
You knew the following spells:

 Your Spells              Type           Power        Failure   Level  Hunger
a - Freeze                Ice            ####         1%          1    None
b - Ozocubu's Armour      Chrm/Ice       ####....     1%          3    ##.....
c - Throw Icicle          Conj/Ice       #####...     1%          4    ####...
d - Summon Ice Beast      Ice/Summ       ####....     3%          4    ####...


Dungeon Overview and Level Annotations

Branches:
Dungeon (10/15)            Temple (1/1) D:4
   Lair: D:8-11         Orc: D:9-12

Altars:
Ashenzari
Cheibriados
Dithmenos
Elyvilon
Fedhas
Gozag
Hepliaklqana
Kikubaaqudgha
Makhleb
Nemelex Xobeh
Okawaru
Qazlal
Ru
Sif Muna
Trog
Uskayaw
Vehumet
Wu Jian
Xom
Yredelemnul
Zin
The Shining One

Shops:
D:4 (   D:10 (

Portals:
Trove: D:10 (give +8 demon trident)

Annotations:
D:10 Maurice


Innate Abilities, Weirdness & Mutations

You can breathe blasts of scalding, opaque steam.
Your pale cyan-grey scales are hard. (AC +7)
You cannot fit into any form of body armour.
You are cold-blooded and may be slowed by cold attacks.
Your life essence is reduced to manifest your ancestor. (-10% HP)


Message History

Onaxys blocks the orc warrior's attack.
Onaxys is recalled.
You hit the two-headed ogre.
Space warps horribly around the two-headed ogre!
The two-headed ogre is moderately wounded.
The two-headed ogre hits you with a dire flail!
The two-headed ogre hits you with a giant spiked club!
An orc comes into view.
Unknown command.
You swap places.
The two-headed ogre hits Onaxys with a dire flail!!
Onaxys is destroyed!
The two-headed ogre hits you with a dire flail.
The two-headed ogre hits you with a giant spiked club!
* * * LOW HITPOINT WARNING * * *
There is a stone staircase leading up here.
The two-headed ogre hits you with a dire flail.
* * * LOW HITPOINT WARNING * * *
The two-headed ogre hits you with a giant spiked club!!
You die...

....## ##....####.........so
.....# #.<.#.####...o.######
.....# #...#.##.....#.......
.....########..#..##..∩.......##.
.......................o.......#.
......###..........#...........##
.....## #..........#o..........#
.....# ####.....O.s..........##
.....# ###.#>.@#####...#...####
.....#####......................#
.....#............###########....
....##......#.....#######...R.###
...###.....##.............#####
#### #.....##.....#########
#.....##.....# ##############


You could see a two-headed ogre, an orc warrior and a scorpion.

Vanquished Creatures
  A two-headed ogre (D:9)
  The ghost of Brandom the Arsonist, a novice DrFE of Sif Muna (D:7)
  Pikel (D:8)
  A cyclops (D:10)
  Psyche (D:8)
  A hornet (D:10)
  A hippogriff (D:10)
  Eustachio (D:6)
  A warg (D:10)
  2 black bears
  An ice beast (D:10)
  4 orc warriors
  2 phantoms
  4 ogres
  A centaur (D:6)
  2 bullfrogs
  2 big kobolds
  A scorpion (D:10)
  3 killer bees (D:8)
  5 wights (D:7)
  A howler monkey (D:8)
  A jelly (D:5)
  A hound (D:9)
  4 orc wizards
  2 centaur zombies
  6 orc priests
  Crazy Yiuf (D:7)
  Jessica (D:2)
  A bullfrog skeleton (D:4)
  2 iguanas (D:9)
  5 worker ants
  A hound skeleton (D:8)
  A worker ant zombie (D:9)
  9 adders
  An ooze (D:1)
  An adder skeleton (D:4)
  An adder zombie (D:5)
  2 worms
  2 dart slugs
  6 leopard geckos
  25 orcs
  A ball python (D:4)
  3 giant cockroaches
  5 goblins
  8 hobgoblins
  12 jackals
  5 bats
  8 frilled lizards
  10 kobolds
  2 rats
164 creatures vanquished.

Vanquished Creatures (collateral kills)
  A centaur skeleton (D:10)
  The ghost of coffeespoons the Cleaver, an amateur MiBe of Trog (D:5)
  A hungry ghost (D:10)
  An ice beast (D:9)
  An orc warrior (D:9)
  3 ogres (D:9)
  3 necrophages
  A slave (D:8)
  A bullfrog (D:7)
  A killer bee (D:8)
  2 howler monkeys
  2 crimson imps
  2 bullfrog zombies (D:10)
  4 orc wizards
  A worker ant (D:7)
  A hound zombie (D:7)
  An adder (D:9)
  15 orcs
  3 jackals (D:7)
  2 kobolds
  A ball python (D:6)
48 creatures vanquished.

Vanquished Creatures (others)
  A knight (D:10)
  3 ancestors
4 creatures vanquished.

Grand Total: 216 creatures vanquished

Notes
Turn   | Place    | Note
-------+----------+-------------------------------------------
     0 | D:1      | Inarius the Draconian Ice Elementalist began the quest for the Orb.
     0 | D:1      | Reached XP level 1. HP: 14/14 MP: 3/3
   217 | D:1      | Reached XP level 2. HP: 16/20 MP: 1/5
   996 | D:2      | Reached XP level 3. HP: 22/26 MP: 2/6
  1077 | D:2      | Noticed Jessica
  1126 | D:2      | Reached skill level 4 in Ice Magic
  1140 | D:2      | Killed Jessica
  1140 | D:2      | Reached XP level 4. HP: 22/34 MP: 6/8
  1578 | D:2      | Learned a level 3 spell: Ozocubu's Armour
  1583 | D:2      | Learned a level 4 spell: Throw Icicle
  1729 | D:2      | Found a sacrificial altar of Ru.
  2610 | D:4      | Found a white marble altar of Elyvilon.
  2629 | D:4      | Noticed a bullfrog
  2644 | D:4      | Killed a bullfrog
  2644 | D:4      | Reached XP level 5. HP: 21/39 MP: 6/10
  3101 | D:3      | Reached skill level 1 in Fighting
  3101 | D:3      | Reached skill level 1 in Charms
  3101 | D:3      | Reached skill level 5 in Ice Magic
  3337 | D:4      | Found Reogunn's Weapon Shoppe.
  3350 | D:4      | Reached XP level 6. HP: 47/47 MP: 11/11
  4085 | D:4      | Found a staircase to the Ecumenical Temple.
  4100 | Temple   | Entered the Ecumenical Temple
  4356 | D:5      | Entered Level 5 of the Dungeon
  4389 | D:5      | Noticed coffeespoons's ghost (amateur MiBe)
  4535 | D:5      | Noticed a dagger
  4535 | D:5      | Noticed a dagger
  4593 | D:5      | Your scales start taking on a pale cyan-grey colour.
  4593 | D:5      | Reached XP level 7. HP: 55/55 MP: 3/12
  4859 | D:5      | Found a hide-covered altar of Uskayaw.
  5166 | D:5      | Found a basalt altar of Yredelemnul.
  5166 | D:5      | Found an ornate altar of the Wu Jian Council.
  5171 | D:5      | Found a radiant altar of Vehumet.
  5173 | D:5      | Found a hazy altar of Hepliaklqana.
  5175 | D:5      | Found a faded altar of an unknown god.
  5184 | D:5      | Became a worshipper of Hepliaklqana the Forgotten
  5832 | D:5      | Found an ancient bone altar of Kikubaaqudgha.
  6127 | D:6      | Noticed Eustachio
  6399 | D:6      | Killed Eustachio
  6399 | D:6      | Reached skill level 6 in Ice Magic
  6399 | D:6      | Reached XP level 8. HP: 50/56 MP: 0/14
  6827 | D:6      | Found a stormy altar of Qazlal.
  7344 | D:7      | Reached skill level 5 in Dodging
  7585 | D:7      | Reached skill level 5 in Spellcasting
  7615 | D:7      | Noticed Brandom's ghost (novice DrFE)
  7801 | D:7      | Reached * piety under Hepliaklqana
  7830 | D:7      | Found a runed door.
  7835 | D:7      | Noticed Crazy Yiuf
  7838 | D:7      | Killed Crazy Yiuf
  7967 | D:7      | Found a glowing silver altar of Zin.
  8058 | D:7      | Found a radiant altar of Vehumet.
  8096 | D:7      | Learned a level 4 spell: Summon Ice Beast
  8377 | D:7      | Reached skill level 1 in Staves
  8377 | D:7      | Reached XP level 9. HP: 42/64 MP: 16/16
  8438 | D:7      | Reached skill level 7 in Ice Magic
  8765 | D:8      | Noticed Pikel
  8781 | D:8      | Killed Pikel
  8887 | D:8      | Found an opulent altar of Gozag.
  8887 | D:8      | Found a sparkling altar of Nemelex Xobeh.
  8939 | D:8      | Got an encrusted short sword
  8965 | D:8      | Identified the +4 short sword of Kismet {vamp, Str+2} (You found it on level 8 of the Dungeon)
  9104 | D:8      | Reached skill level 5 in Fighting
  9243 | D:8      | Reached ** piety under Hepliaklqana
  9244 | D:8      | Remembered your ancestor Onaxys as a knight
  9267 | D:8      | Noticed Psyche
  9275 | D:8      | Killed Psyche
  9275 | D:8      | Reached skill level 8 in Ice Magic
 10038 | D:9      | Reached XP level 10. HP: 38/72 MP: 10/18
 10243 | D:7      | Killed Brandom's ghost
 10243 | D:7      | Reached skill level 5 in Conjurations
 10340 | D:5      | Killed coffeespoons's ghost
 10653 | D:9      | Reached skill level 9 in Ice Magic
 10684 | D:9      | Noticed a two-headed ogre
 10692 | D:9      | Killed a two-headed ogre
 10853 | D:9      | Reached skill level 1 in Invocations
 10878 | D:9      | Reached *** piety under Hepliaklqana
 11216 | D:9      | Found a glowing golden altar of the Shining One.
 11322 | D:10     | Entered Level 10 of the Dungeon
 11323 | D:10     | Found a portal to a secret trove of treasure.
 11397 | D:10     | Paralysed by a hornet for 3 turns
 11401 | D:10     | Reached skill level 1 in Summonings
 11713 | D:10     | Reached skill level 10 in Ice Magic
 11779 | D:10     | Found Rijynaiz's Antique Weapon Shoppe.
 11779 | D:10     | Noticed a cyclops
 11791 | D:10     | Killed a cyclops
 11902 | D:10     | Noticed Maurice
 11904 | D:10     | Noticed a two-headed ogre
 11939 | D:10     | Demolished by a two-headed ogre

Skill      XL: |  1  2  3  4  5  6  7  8  9 10 |
---------------+-------------------------------+-----
Ice Magic      | 4 5 6 8 10 | 10.3
Dodging        | 2 3 4 5 6 7 |  7.1
Spellcasting   | 3 4 5 |  5.9
Fighting       | 1 2 3 4 5 6 |  6.0
Charms         | 1 2 3 |  3.0
Conjurations   | 2 3 4 5 |  5.6
Staves         | 1 2 |  2.0
Invocations    | 3 |  3.0
Summonings     | 1 |  1.2
Stealth        | |  1.7

Action                   |  1- 3 |  4- 6 |  7- 9 | 10-12 || total
-------------------------+-------+-------+-------+-------++-------
Melee: Unarmed           |    36 |       |       |       ||    36
       Tailslap          |     5 |     9 |    30 |     6 ||    50
       Dagger            |    48 |   169 |   188 |       ||   405
       Quarterstaff      |       |       |   147 |    75 ||   222
 Cast: Freeze            |    29 |    14 |     7 |       ||    50
       Throw Icicle      |       |    11 |    36 |    15 ||    62
       Ozocubu's Armour  |       |     1 |    10 |     9 ||    20
       Summon Ice Beast  |       |       |       |     4 ||     4
Invok: Recall Ancestor   |       |       |     3 |     3 ||     6
       Ancestor Identity |       |       |     1 |       ||     1
       Ancestor Life: Kn |       |       |     1 |       ||     1
  Use: Potion            |       |     3 |     2 |       ||     5
       Scroll            |       |       |     7 |     8 ||    15
 Stab: Sleeping          |       |     3 |       |       ||     3
       Distracted        |       |       |     2 |     2 ||     4
       Paralysed         |       |       |     1 |       ||     1
  Eat: Chunk             |     1 |    27 |    31 |     6 ||    65
Armor: Skin              |    37 |    59 |   155 |    38 ||   289
Dodge: Dodged            |    43 |   121 |   309 |    64 ||   537
